 Dungeon Crawl Stone Soup version 0.21-a0-225-g207ae17 (webtiles) character file.

170 Gorglomux the Ruffian (level 5, -1/33 HPs)
             Began as a Gargoyle Transmuter on Aug 29, 2017.
             Killed from afar by a dart slug (4 damage)
             ... with a slug dart
             ... on level 3 of the Dungeon.
             The game lasted 00:03:54 (2151 turns).

Gorglomux the Ruffian (Gargoyle Transmuter)         Turns: 2151, Time: 00:03:55

Health: -1/33      AC:  8    Str: 14    XL:     5   Next: 50%
Magic:  8/8        EV: 12    Int: 14    God:
Gold:   136        SH:  0    Dex: 10    Spells: 5/8 levels left

rFire    . . .     SeeInvis .     - Unarmed
rCold    . . .     Gourm    .   (no shield)
rNeg     + . .     Faith    .   b - +0 robe
rPois    ∞         Spirit   .   (no helmet)
rElec    +         Reflect  .   (no cloak)
rCorr    .         Harm     .   (no gloves)
MR       .....                  (no boots)
Stlth    +.........             (no amulet)
HPRegen  0.11/turn              (no ring)
MPRegen  0.11/turn              (no ring)

@: no status effects
A: icy blue scales 1, negative energy resistance 1, sense surroundings 1,
electricity resistance, unbreathing, petrification resistance, rot immunity, AC
+4
a: no special abilities


You were on level 3 of the Dungeon.
You were not hungry.

You visited 1 branch of the dungeon, and saw 3 of its levels.

You collected 136 gold pieces.

Inventory:

Missiles
 a - 24 arrows
Armour
 b - a +0 robe (worn)
Scrolls
 h - 2 scrolls of remove curse {unknown}
 j - 3 scrolls of fear {unknown}
 m - 2 scrolls of enchant weapon {unknown}
 n - a scroll of recharging {unknown}
 o - a scroll of teleportation {unknown}
 p - a scroll of magic mapping {unknown}
 R - 2 scrolls of identify
 S - a scroll of fog {unknown}
 T - a scroll of amnesia {unknown}
Potions
 Q - 2 potions of curing
Books
 c - a book of Changes

   Spells                             Type                      Level
   a - Beastly Appendage              Transmutation                1
   b - Sticks to Snakes               Transmutation                2
   c - Spider Form                    Transmutation/Poison         3
   d - Ice Form                       Ice/Transmutation            4
   e - Blade Hands                    Transmutation                5
Comestibles
 d - 2 bread rations
 l - a royal jelly
 U - 4 chunks of flesh


   Skills:
 + Level 4.0 Fighting
 - Level 1.5 Dodging
 + Level 4.7 Unarmed Combat
 - Level 2.0 Spellcasting
 - Level 1.5 Transmutations


You had 5 spell levels left.
You knew the following spells:

 Your Spells              Type           Power        Failure   Level  Hunger
a - Beastly Appendage     Tmut           #.....       13%         1    ##.....
b - Sticks to Snakes      Tmut           #.......     19%         2    ###....


Dungeon Overview and Level Annotations

Branches:
Dungeon (3/15)

Altars:


Innate Abilities, Weirdness & Mutations

You are resistant to torment.
Your stone body is resilient. (AC +4)
You are immune to poison.
You resist negative energy. (rN+)
You are resistant to electric shocks. (rElec)
You can survive without breathing.
You are immune to petrification.
You are immune to rotting.
You are partially covered in icy blue scales. (AC +2)
You passively map a small area around you.


Message History

The orc wizard is butt dead!
The orc wizard points at you and mumbles some strange words!
You are confused!
The orc priest hits you! * * * don't die
* * * The orc wizard hits you but does no damage!
Unknown command!
You feel better!
The orc wizard hits you but does no damage!
You beat the orc wizard into a bloody pulp!
You annihilate the butt wizard!!!
Your Fighting skill increases to level 4!!!
The orc priest hits you!
The orc hits butt but does no damage!
You closely miss the orc priest!
The orc priest mumbles butt strange prayers to Beogh against you!
Beogh smites you!!! * * * don't die
* * * The dart slug launches a dart at you!
The slug dart hits butt!!! rip

* ###### .....,
#### # #.#.. ... *
#.###.#o####.### *
#....<#o##.....# ,
,.....#..#.#...#*,
### #....w)@#.#
#..###oo.# ** , ,
#....# #.....># *
, * #.#..#
#....#.. ,
#.....,.....# ##*
w.#..#.###.## *
####..#. .# #..#
*%# * * *


You could see an orc priest, a dart slug and an orc.

Vanquished Creatures
  Terence (D:2)
  Natasha (twice) (D:2)
  An orc wizard (D:3)
  2 adders (D:2)
  A leopard gecko (D:1)
  An orc (D:3)
  7 giant cockroaches
  3 goblins (D:1)
  7 hobgoblins
  5 jackals
  A ball python (D:2)
  5 bats
  3 frilled lizards
  7 kobolds
  8 rats
54 creatures vanquished.

Notes
Turn   | Place    | Note
-------+----------+-------------------------------------------
     0 | D:1      | Gorglomux the Gargoyle Transmuter began the quest for the Orb.
     0 | D:1      | Reached XP level 1. HP: 12/12 MP: 3/3
    81 | D:1      | Reached XP level 2. HP: 12/16 MP: 5/5
   515 | D:1      | Reached XP level 3. HP: 15/21 MP: 6/6
   980 | D:2      | Learned a level 2 spell: Sticks to Snakes
   989 | D:2      | Noticed Terence
  1008 | D:2      | Killed Terence
  1008 | D:2      | Reached XP level 4. HP: 8/27 MP: 3/7
  1261 | D:2      | Reached skill level 3 in Fighting
  1540 | D:2      | Noticed Natasha
  1553 | D:2      | Killed Natasha
  1592 | D:2      | Noticed Natasha
  1597 | D:2      | Killed Natasha
  1597 | D:2      | Reached XP level 5. HP: 6/33 MP: 8/8
  2136 | D:3      | Gained mutation: You are partially covered in icy blue scales. (AC +2) [potion of mutation]
  2136 | D:3      | Gained mutation: You passively map a small area around you. [potion of mutation]
  2151 | D:3      | Killed from afar by a dart slug

Vault maps used:
D:1:      onia_arrival_larder, minmay_heptomino_w4
D:2:      uniq_natasha, uniq_terence
D:3:      first_bread, uniq_jessica, uniq_ijyb, uniq_robin

Skill      XL: |  1  2  3  4  5 |
---------------+----------------+-----
Fighting       | 2 3 4 |  4.0
Unarmed Combat | 4 |  4.7
Dodging        | |  1.5
Spellcasting   | |  2.0
Transmutations | |  1.5

Action                   |  1- 3 |  4- 6 || total
-------------------------+-------+-------++-------
Melee: Unarmed           |   134 |   107 ||   241
       Punch             |     1 |     2 ||     3
 Cast: Beastly Appendage |     1 |       ||     1
       Sticks to Snakes  |     1 |       ||     1
  Use: Scroll            |     2 |       ||     2
       Potion            |       |     2 ||     2
 Stab: Distracted        |     1 |       ||     1
  Eat: Chunk             |       |     4 ||     4
Armor: Robe              |    37 |    32 ||    69
Dodge: Dodged            |    68 |    73 ||   141

Table legend:
 A = Spawn XP
 B = Non-spawn XP
 C = Spawn XP percentage of total XP
 D = Spawn monster count
 E = Non-spawn monster count
 F = Spawn count percentage of total count
 G = Total turns spent on level
                    A         B        C        D         E        F      G
               +---------+---------+-------+---------+---------+-------+---------
         Total |       9 |     234 |   3.7 |       5 |      49 |   9.3 |  2151
               +---------+---------+-------+---------+---------+-------+---------
           D:1 |       4 |      36 |  10.0 |       2 |      24 |   7.7 |   910
           D:2 |       5 |     159 |   3.0 |       3 |      22 |  12.0 |  1216
           D:3 |       0 |      39 |   0.0 |       0 |       3 |   0.0 |    25
               +---------+---------+-------+---------+---------+-------+---------
